TOP OF THE 1ST |
Billings Polar Bears batting - Pitching for Lancaster Farmers : LHP Jop Abeele
|
Pitching: LHP Jop Abeele
|
|
Batting: RHB Ben Carmody
|
0-0: Ground out 5-3 (Groundball, 5L, EV 86.2 MPH)
|
Batting: LHB Carlos Gómez
|
0-0: Ball 1-0: Ball 2-0: Ball 3-0: Called Strike 3-1: Ground out U3 (Groundball, 3, EV 93.8 MPH)
|
Batting: LHB Gerben Pauw
|
0-0: Ground out 4-3 (Groundball, 4, EV 106.9 MPH)
|
Top of the 1st over - 0 runs, 0 hits, 0 errors, 0 left on base; Billings 0 - Lancaster 0 |
BOTTOM OF THE 1ST |
Lancaster Farmers batting - Pitching for Billings Polar Bears : RHP Ricardo Ramírez
|
Pitching: RHP Ricardo Ramírez
|
|
Batting: LHB Andreas Boerboom
|
0-0: SOLO HOME RUN (Flyball, 9LD, EV 91.2 MPH), Distance : 354 ft
|
Batting: RHB Tyler Harris
|
0-0: Foul Ball, location: 2F 0-1: SINGLE (Line Drive, 8RS, EV 98.1 MPH)
|
Batting: LHB Claudio Sosa
|
0-0: Called Strike 0-1: Grounds into double play, 6-4-3 (Groundball, 6, EV 85.0 MPH)
|
Batting: LHB Akihiro Ito
|
0-0: Ball 1-0: Ball 2-0: Ball 3-0: Called Strike 3-1: Base on Balls
|
Batting: SHB Barnes Rooks
|
0-0: Ball 1-0: Ground out 1-3 (Groundball, 13S, EV 65.6 MPH)
|
Bottom of the 1st over - 1 run, 2 hits, 0 errors, 1 left on base; Billings 0 - Lancaster 1 |
TOP OF THE 2ND |
Billings Polar Bears batting - Pitching for Lancaster Farmers : LHP Jop Abeele
|
Batting: RHB Eric Cowart
|
0-0: Called Strike 0-1: Ball 1-1: SINGLE (Groundball, 6MS, EV 68.1 MPH) (infield hit)
|
Batting: LHB José Organito
|
0-0: Ball 1-0: Fly out, F8 (Line Drive, 8LD, EV 103.1 MPH)
|
Batting: RHB Jason Snyder
|
0-0: Ball Wild Pitch! Eric Cowart to second 1-0: Ball 2-0: Foul Ball, location: 2F 2-1: Called Strike 2-2: Ball 3-2: SINGLE (Groundball, 34D, EV 104.4 MPH) Eric Cowart to third Runner from 3rd tries for Home, SAFE, throw by RF to home
|
Batting: LHB Felipe Leal
|
0-0: Ball 1-0: Foul Ball, location: 2F 1-1: Ball Wild Pitch! Jason Snyder to second 2-1: Foul Ball, location: 2F 2-2: Strikes out swinging
|
Batting: RHB Marty Brandt
|
0-0: Ball 1-0: Ball 2-0: Ground out 6-3 (Groundball, 6, EV 79.4 MPH)
|
Top of the 2nd over - 1 run, 2 hits, 0 errors, 1 left on base; Billings 1 - Lancaster 1 |
BOTTOM OF THE 2ND |
Lancaster Farmers batting - Pitching for Billings Polar Bears : RHP Ricardo Ramírez
|
Batting: RHB Mario Flemate
|
0-0: Foul Ball, location: 2F 0-1: Foul Ball, location: 2F 0-2: Ball 1-2: Ball 2-2: SINGLE (Groundball, 6MD, EV 96.9 MPH)
|
Batting: RHB Robinson Quiñones
|
0-0: Foul Ball, location: 2F 0-1: Ball 1-1: Ball 2-1: Swinging Strike 2-2: Ball Wild Pitch! Mario Flemate to second 3-2: Base on Balls
|
Batting: RHB Brock Allen
|
0-0: Ball 1-0: Ball 2-0: Called Strike 2-1: Swinging Strike 2-2: Strikes out swinging
|
Batting: RHB Edgar Tamayo
|
0-0: Ball 1-0: Fly out, F9 (Flyball, 9, EV 95.6 MPH)
|
Batting: LHB Andreas Boerboom
|
0-0: Ball 1-0: Foul Ball, location: 2F 1-1: Ball 2-1: Called Strike 2-2: Ball 3-2: SINGLE (Line Drive, 9S, EV 107.5 MPH) Mario Flemate to third Robinson Quiñones to second Mario Flemate scores Robinson Quiñones to third
|
Batting: RHB Tyler Harris
|
0-0: Ball 1-0: Ground out 4-3 (Groundball, 34, EV 108.8 MPH)
|
Bottom of the 2nd over - 1 run, 2 hits, 0 errors, 2 left on base; Billings 1 - Lancaster 2 |
TOP OF THE 3RD |
Billings Polar Bears batting - Pitching for Lancaster Farmers : LHP Jop Abeele
|
Batting: RHB Dong-kyoon Paek
|
0-0: Ground out 6-3 (Groundball, 6, EV 80.6 MPH)
|
Batting: RHB Ben Carmody
|
0-0: Ball 1-0: Ball 2-0: Foul Ball, location: 2F 2-1: Ball 3-1: Ground out 6-3 (Groundball, 6, EV 88.1 MPH)
|
Batting: LHB Carlos Gómez
|
0-0: Ball 1-0: Called Strike 1-1: Swinging Strike 1-2: Ball 2-2: Fly out, F3 (Line Drive, 34, EV 99.4 MPH)
|
Top of the 3rd over - 0 runs, 0 hits, 0 errors, 0 left on base; Billings 1 - Lancaster 2 |
BOTTOM OF THE 3RD |
Lancaster Farmers batting - Pitching for Billings Polar Bears : RHP Ricardo Ramírez
|
Batting: LHB Claudio Sosa
|
0-0: Ball 1-0: Foul Ball, location: 2F 1-1: Ball 2-1: Foul Ball, location: 2F 2-2: Ball 3-2: Fly out, F9 (Line Drive, 9, EV 96.2 MPH)
|
Batting: LHB Akihiro Ito
|
0-0: SOLO HOME RUN (Flyball, 9D, EV 95.6 MPH), Distance : 389 ft
|
Batting: SHB Barnes Rooks
|
0-0: Called Strike 0-1: Called Strike 0-2: Fly out, F8 (Flyball, 78M, EV 78.1 MPH)
|
Batting: RHB Mario Flemate
|
0-0: Ball 1-0: Called Strike 1-1: Ball 2-1: Ball 3-1: Foul Ball, location: 2F 3-2: Strikes out swinging
|
Bottom of the 3rd over - 1 run, 1 hit, 0 errors, 0 left on base; Billings 1 - Lancaster 3 |
TOP OF THE 4TH |
Billings Polar Bears batting - Pitching for Lancaster Farmers : LHP Jop Abeele
|
Batting: LHB Gerben Pauw
|
0-0: Ball 1-0: Foul Ball, location: 2F 1-1: Foul Ball, location: 2F 1-2: Foul Ball, location: 2F 1-2: Strikes out looking
|
Batting: RHB Eric Cowart
|
0-0: Foul Ball, location: 2F 0-1: Foul Ball, location: 2F 0-2: Foul Ball, location: 2F 0-2: Strikes out looking
|
Batting: LHB José Organito
|
0-0: Called Strike 0-1: Foul Ball, location: 2F 0-2: Strikes out swinging
|
Top of the 4th over - 0 runs, 0 hits, 0 errors, 0 left on base; Billings 1 - Lancaster 3 |
BOTTOM OF THE 4TH |
Lancaster Farmers batting - Pitching for Billings Polar Bears : RHP Ricardo Ramírez
|
Batting: RHB Robinson Quiñones
|
0-0: Called Strike 0-1: Reached on error, E6 (Groundball, P, EV 86.9 MPH)
|
Batting: RHB Brock Allen
|
0-0: Ball 1-0: Foul Ball, location: 2F 1-1: Swinging Strike 1-2: Ball 2-2: Fly out, F7 (Flyball, 7D, EV 101.2 MPH) Runner from 2nd tags up, SAFE at 3rd, no throw by LF
|
Batting: RHB Edgar Tamayo
|
0-0: Ball 1-0: Swinging Strike 1-1: Ball 2-1: Ground out 6-3 (Groundball, 6, EV 92.5 MPH) Robinson Quiñones scores
|
Batting: LHB Andreas Boerboom
|
0-0: Foul Ball, location: 2F 0-1: Swinging Strike 0-2: Strikes out swinging
|
Bottom of the 4th over - 1 run, 0 hits, 1 error, 0 left on base; Billings 1 - Lancaster 4 |
TOP OF THE 5TH |
Billings Polar Bears batting - Pitching for Lancaster Farmers : LHP Jop Abeele
|
Batting: RHB Jason Snyder
|
0-0: Ball 1-0: SINGLE (Line Drive, 4MD, EV 94.4 MPH)
|
Batting: LHB Felipe Leal
|
0-0: Ball 1-0: SINGLE (Groundball, 6M, EV 95.6 MPH) Jason Snyder to second
|
Batting: RHB Marty Brandt
|
0-0: Sac Bunt to 23 - play at first, batter OUT! 3-4 Jason Snyder to third Felipe Leal to second
|
Batting: RHB Dong-kyoon Paek
|
0-0: Called Strike 0-1: Fly out, F7 (Flyball, 7, EV 90.6 MPH) Runner from 3rd tags up, SCORES, throw by LF Felipe Leal to third
|
Batting: RHB Ben Carmody
|
0-0: Ball 1-0: Foul Ball, location: 2F 1-1: Ball 2-1: Called Strike 2-2: Foul Ball, location: 2F 2-2: Foul Ball, location: 2F 2-2: Ball 3-2: Foul Ball, location: 2F 3-2: Ground out 6-3 (Groundball, 6, EV 99.4 MPH)
|
Top of the 5th over - 1 run, 2 hits, 0 errors, 1 left on base; Billings 2 - Lancaster 4 |
BOTTOM OF THE 5TH |
Lancaster Farmers batting - Pitching for Billings Polar Bears : RHP Ricardo Ramírez
|
Batting: RHB Tyler Harris
|
0-0: Foul Ball, location: 2F 0-1: Ball 1-1: Called Strike 1-2: Foul Ball, location: 2F 1-2: Strikes out swinging
|
Batting: LHB Claudio Sosa
|
0-0: Swinging Strike 0-1: Swinging Strike 0-2: Foul Ball, location: 2F 0-2: Ball 1-2: Ball 2-2: Strikes out looking
|
Batting: LHB Akihiro Ito
|
0-0: Ball 1-0: Swinging Strike 1-1: Ball 2-1: Foul Ball, location: 2F 2-2: Ball 3-2: Strikes out swinging
|
Bottom of the 5th over - 0 runs, 0 hits, 0 errors, 0 left on base; Billings 2 - Lancaster 4 |
TOP OF THE 6TH |
Billings Polar Bears batting - Pitching for Lancaster Farmers : LHP Jop Abeele
|
Batting: LHB Carlos Gómez
|
0-0: Ball 1-0: Called Strike 1-1: Ball 2-1: Foul Ball, location: 2F 2-2: Ball 3-2: Strikes out swinging
|
Batting: LHB Gerben Pauw
|
0-0: Foul Ball, location: 2F 0-1: Called Strike 0-2: Foul Ball, location: 2F 0-2: Strikes out swinging, 2-3 out at first.
|
Batting: RHB Eric Cowart
|
0-0: Swinging Strike 0-1: Called Strike 0-2: Foul Ball, location: 2F 0-2: Ball 1-2: Strikes out swinging
|
Top of the 6th over - 0 runs, 0 hits, 0 errors, 0 left on base; Billings 2 - Lancaster 4 |
BOTTOM OF THE 6TH |
Lancaster Farmers batting - Pitching for Billings Polar Bears : RHP Ricardo Ramírez
|
Batting: SHB Barnes Rooks
|
0-0: Called Strike 0-1: Ball 1-1: Ball 2-1: Fly out, F7 (Flyball, 7, EV 88.8 MPH)
|
Batting: RHB Mario Flemate
|
0-0: Called Strike 0-1: Ball 1-1: Foul Ball, location: 2F 1-2: Strikes out looking
|
Batting: RHB Robinson Quiñones
|
0-0: SINGLE (Line Drive, 56, EV 94.4 MPH)
|
Pitching: RHP Masaaki Fujii
|
|
Batting: RHB Brock Allen
|
0-0: Called Strike 0-1: Ball 1-1: Foul Ball, location: 2F 1-2: Foul Ball, location: 2F 1-2: Ball 2-2: Ball 3-2: Foul Ball, location: 2F 3-2: Base on Balls Robinson Quiñones to second
|
Batting: RHB Edgar Tamayo
|
0-0: Called Strike 0-1: Foul Ball, location: 2F 0-2: Ball 1-2: Strikes out swinging
|
Bottom of the 6th over - 0 runs, 1 hit, 0 errors, 2 left on base; Billings 2 - Lancaster 4 |
TOP OF THE 7TH |
Billings Polar Bears batting - Pitching for Lancaster Farmers : LHP Jop Abeele
|
Batting: LHB José Organito
|
0-0: Fly out, F8 (Flyball, 78D, EV 94.4 MPH)
|
Batting: RHB Jason Snyder
|
0-0: Ball 1-0: Called Strike 1-1: Ball 2-1: Foul Ball, location: 2F 2-2: Fly out, F9 (Line Drive, 89M, EV 100.6 MPH)
|
Batting: LHB Felipe Leal
|
0-0: Ball 1-0: Ground out 6-3 (Groundball, 6, EV 98.8 MPH)
|
Top of the 7th over - 0 runs, 0 hits, 0 errors, 0 left on base; Billings 2 - Lancaster 4 |
BOTTOM OF THE 7TH |
Lancaster Farmers batting - Pitching for Billings Polar Bears : RHP Masaaki Fujii
|
Batting: LHB Andreas Boerboom
|
0-0: Called Strike 0-1: Ball 1-1: Fly out, F9 (Flyball, 9D, EV 101.9 MPH)
|
Batting: RHB Tyler Harris
|
0-0: Ball 1-0: Ball 2-0: Ball 3-0: Base on Balls
|
Batting: LHB Claudio Sosa
|
0-0: Ball Tyler Harris is caught stealing 2nd base 2-6 1-0: Ball 2-0: Called Strike 2-1: Ball 3-1: SOLO HOME RUN (Flyball, 9D, EV 97.5 MPH), Distance : 382 ft
|
Batting: LHB Akihiro Ito
|
0-0: Ground out 6-3 (Groundball, 6, EV 88.1 MPH)
|
Bottom of the 7th over - 1 run, 1 hit, 0 errors, 0 left on base; Billings 2 - Lancaster 5 |
TOP OF THE 8TH |
Billings Polar Bears batting - Pitching for Lancaster Farmers : LHP Jop Abeele
|
Batting: RHB Marty Brandt
|
0-0: Ball 1-0: Foul Ball, location: 2F 1-1: SINGLE (Groundball, 34D, EV 95.6 MPH)
|
Batting: RHB Dong-kyoon Paek
|
0-0: Ball 1-0: SINGLE (Groundball, 6MD, EV 100.6 MPH) Marty Brandt to second
|
Batting: RHB Ben Carmody
|
0-0: Ball 1-0: Swinging Strike 1-1: Called Strike 1-2: Ground out 5-3 (Groundball, 5S, EV 64.4 MPH) Marty Brandt to third Dong-kyoon Paek to second
|
Pitching: LHP Jorge Santos
|
|
Pinch Hitting: RHB Karst Lourens
|
0-0: Swinging Strike 0-1: Foul Ball, location: 2F 0-2: Strikes out swinging
|
Pinch Hitting: RHB Martín Guzmán
|
0-0: Ball 1-0: Ball 2-0: Fly out, F5 (Popup, 5L, EV 60.0 MPH)
|
Top of the 8th over - 0 runs, 2 hits, 0 errors, 2 left on base; Billings 2 - Lancaster 5 |
BOTTOM OF THE 8TH |
Lancaster Farmers batting - Pitching for Billings Polar Bears : RHP Masaaki Fujii
|
Now at 3B: Karst Lourens
|
|
Now in LF: Martín Guzmán
|
|
Batting: SHB Barnes Rooks
|
0-0: Ball 1-0: Foul Ball, location: 2F 1-1: Foul Ball, location: 2F 1-2: Foul Ball, location: 2F 1-2: Ground out 3-1 (Groundball, 34S, EV 86.2 MPH)
|
Batting: RHB Mario Flemate
|
0-0: Called Strike 0-1: Ball 1-1: Ball 2-1: Swinging Strike 2-2: Ball 3-2: Base on Balls
|
Batting: RHB Robinson Quiñones
|
0-0: Called Strike 0-1: Foul Ball, location: 2F 0-2: Foul Ball, location: 2F 0-2: Ball 1-2: Ball 2-2: Ball 3-2: Strikes out swinging Mario Flemate is caught stealing 2nd base 2-4 Batter strikes out.
|
Bottom of the 8th over - 0 runs, 0 hits, 0 errors, 0 left on base; Billings 2 - Lancaster 5 |
TOP OF THE 9TH |
Billings Polar Bears batting - Pitching for Lancaster Farmers : LHP Jorge Santos
|
Batting: RHB Eric Cowart
|
0-0: Ball 1-0: Called Strike 1-1: Called Strike 1-2: Fly out, F8 (Flyball, 8LM, EV 91.2 MPH)
|
Batting: LHB José Organito
|
0-0: Called Strike 0-1: Called Strike 0-2: Strikes out looking
|
Batting: RHB Jason Snyder
|
0-0: Foul Ball, location: 2F 0-1: Foul Ball, location: 2F 0-2: Foul Ball, location: 2F 0-2: Ground out 6-3 (Groundball, 6D, EV 88.1 MPH)
|
Top of the 9th over - 0 runs, 0 hits, 0 errors, 0 left on base; Billings 2 - Lancaster 5 |
|